 Dungeon Crawl Stone Soup version 0.29.1-12-g30fa7ad0bf (webtiles) character file.

Game seed: 78543562507552675

86 ThatPearl the Cudgeller (level 4, -2/35 HPs)
             Began as a Demonspawn Gladiator on Jan 8, 2023.
             Slain by Grinder (5 damage)
             ... on level 3 of the Dungeon.
             The game lasted 00:04:03 (2210 turns).

ThatPearl the Cudgeller (Demonspawn Gladiator)      Turns: 2210, Time: 00:04:03

Health: -2/35      AC:  9    Str: 14    XL:     4   Next: 26%
Magic:  4/4        EV: 15    Int: 12    God:
Gold:   93         SH:  0    Dex: 14    Spells: 3/3 levels left

rFire   . . .      SeeInvis .   r - +0 morningstar
rCold   . . .      Faith    .   (no shield)
rNeg    . . .      Spirit   .   i - +0 ring mail
rPois   .          Reflect  .   c - +0 helmet
rElec   .          Harm     .   l - scarf {repulsion}
rCorr   .          Rampage  .   (no gloves)
Will    .....                   m - +0 pair of boots
Stlth   +.........              p - amulet of regeneration
HPRegen 0.91/turn               g - +4 ring of evasion
MPRegen 0.09/turn               (no ring)

@: repel missiles
A: icy blue scales 1, demonic magic 1
a: no special abilities


You were on level 3 of the Dungeon.
You visited 1 branch of the dungeon, and saw 3 of its levels.

You collected 93 gold pieces.

Inventory:

Hand Weapons
 a - a +0 flail
 r - a +0 morningstar (weapon)
Missiles
 d - a throwing net (quivered)
 e - a javelin
Armour
 c - a +0 helmet (worn)
 i - a +0 ring mail (worn)
 l - a scarf of repulsion (worn)
 m - a +0 pair of boots (worn)
Magical Staves
 j - a staff of fire
Jewellery
 g - a +4 ring of evasion (left hand)
 p - an amulet of regeneration (around neck)
Wands
 o - a wand of paralysis (6)
Scrolls
 b - a scroll of amnesia {unknown}
 f - a scroll of teleportation {unknown}
 n - 2 scrolls of identify {unknown}
 q - a scroll of enchant weapon {unknown}
Potions
 h - a potion of attraction {unknown}
 k - a potion of haste {unknown}
 s - a potion of heal wounds {unknown}


   Skills:
 + Level 3.5 Fighting
 + Level 3.8 Maces & Flails
 - Level 1.7 Throwing
 - Level 2.6 Dodging


You had 3 spell levels left.
You didn't know any spells.
Your spell library contained the following spells:

 Spells                   Type           Power      Damage    Failure   Level
 Shock                    Conj/Air       0%         1d3       56%         1
 Swiftness                Air            0%         N/A       90%         3
 Airstrike                Air            0%         2d(0-16)  100%        4


Dungeon Overview and Level Annotations

Branches:
Dungeon (3/15)

Altars:

Annotations:
D:3 Grinder


Innate Abilities, Weirdness & Mutations

You are partially covered in icy blue scales. (AC +2)
Spells you cast may paralyse adjacent enemies.


Message History

Grinder is lightly wounded.
Grinder gestures at you.
You suddenly lose the ability to move!
Grinder struggles against the net.
Grinder struggles against the net.
The net rips apart, and Grinder comes free!
Grinder says, "At least Makhleb appreciates what I'm doing."
Grinder gestures at you. Pain shoots through your body! Grinder hits you!
You writhe in agony.
You can move again.
You sock Grinder!
Grinder is moderately wounded.
Grinder misses you.
You hit Grinder.
Grinder is moderately wounded.
Grinder barely misses you.
You barely miss Grinder.
Grinder is moderately wounded.
Grinder hits you but does no damage. Grinder gestures at you.
You resist with significant effort.
You barely miss Grinder.
Grinder is moderately wounded.
Grinder hits you but does no damage.
You hit Grinder. Your punch misses Grinder.
Grinder is moderately wounded.
Grinder gestures at you. You resist with significant effort.
You hit Grinder.
Grinder is heavily wounded.
Grinder hits you!
You writhe in agony.
Grinder gestures at you. Pain shoots through your body!
* * * LOW HITPOINT WARNING * * *
You barely miss Grinder.
Grinder is heavily wounded.
Grinder hits you.
* * * LOW HITPOINT WARNING * * *
You writhe in agony.
You die...

.... ########... .
#.........# .
#...(.....# #
#.........##### #
#...>.......... #
#.....5........ #
#......@.# ##
#........# #.
####..##.## #.
#####.....#..# ##.
.......#..#.###...
#..
.........#.......#
##.#
............###.#
###..#
##..#..#.###
####...## #...##.#
#######....###.


You could see Grinder.

Vanquished Creatures
  3 adders
  2 worms (D:2)
  A dart slug (D:3)
  2 ball pythons (D:1)
  6 bats
  6 endoplasms
  4 giant cockroaches
  2 goblins
  5 hobgoblins
  A jackal (D:3)
  4 kobolds
  2 quokkas
  3 frilled lizards
  7 rats
48 creatures vanquished.

Vanquished Creatures (others)
  A plant (D:1)
1 creature vanquished.

Grand Total: 49 creatures vanquished

Notes
Turn   | Place    | Note
-------+----------+-------------------------------------------
     0 | D:1      | ThatPearl the Demonspawn Gladiator began the quest for the
                  | Orb.
     0 | D:1      | Reached XP level 1. HP: 16/16 MP: 1/1
    46 | D:1      | Gained mutation: You are partially covered in icy blue
                  | scales. (AC +2) [demonic ancestry]
    46 | D:1      | Reached XP level 2. HP: 15/23 MP: 2/2
   742 | D:1      | Found a faded altar of an unknown god.
   918 | D:2      | Reached XP level 3. HP: 18/28 MP: 3/3
  1919 | D:2      | Gained mutation: Spells you cast may paralyse adjacent
                  | enemies. [demonic ancestry]
  1919 | D:2      | Reached XP level 4. HP: 35/35 MP: 4/4
  2193 | D:3      | Noticed Grinder
  2200 | D:3      | Paralysed by Grinder for 4 turns
  2210 | D:3      | Slain by Grinder

Illustrated notes

Levels and vault maps discovered:
D:1:      dreamdust_arrival_beginning_and_end, layout_rooms,
          basic_ecumenical_altar, corexii_item_surrounded_by_moat,
          serial_bayou_pond_b
D:2:      layout_loops_ring
D:3:      minmay_general_purpose_star, layout_rooms,
          regret_index_temple_of_mockery, nicolae_uskayaw_en_pointe,
          uniq_jessica, uniq_grinder

Skill      XL: |  1  2  3 |
---------------+----------+-----
Maces & Flails | 3 |  3.8
Fighting       | 3 |  3.5
Throwing       | |  1.7
Dodging        | |  2.6

Action                   |  1- 3 |  4- 6 || total
-------------------------+-------+-------++-------
Melee: Flail             |   152 |    25 ||   177
       Punch             |     2 |       ||     2
       Morningstar       |       |    13 ||    13
Throw: Throwing net      |       |     2 ||     2
Armor: Leather armour    |    27 |       ||    27
       Ring mail         |    37 |    12 ||    49
Dodge: Dodged            |   108 |    30 ||   138
       Repelled          |       |     1 ||     1
